[Event "Titled Tuesday Blitz March 22 Late 2022"]
[White "Winkels, Marcel"]
[Black "Degtiarev, Evgeny"]
[WhiteFideId "1003887"]
[BlackFideId "4149610"]
[WhiteElo "1900"]
[BlackElo "2218"]
[Result "1/2-1/2"]
[Round "03"]
[TimeControl "180+1"]
[Date "2022.03.22"]
[WhiteClock "0:00:25"]
[BlackClock "0:00:04"]

1. e4 e5 2. Nf3 Nc6 3. Bc4 Bc5 4. c3 Nf6 5. d4 exd4 6. cxd4 Bb4+ 7. Nbd2 Nxe4 8. d5 Ne7 9. Qc2 Nxd2 10. Bxd2 Bxd2+ 11. Nxd2 d6 12. O-O-O O-O 13. Rhe1 Ng6 14. g3 a6 15. f4 Bg4 16. Be2 Bxe2 17. Rxe2 Rc8 18. Kb1 c5 19. h4 Re8 20. Rde1 Rxe2 21. Rxe2 b5 22. h5 Nf8 23. Qe4 c4 24. Nf3 c3 25. Ng5 cxb2 26. Rxb2 Qc7 27. Rc2 Qxc2+ 28. Qxc2 Rxc2 29. Kxc2 Nd7 30. Ne4 Nb6 31. Nxd6 Nxd5 32. a3 g6 33. h6 f5 34. Nb7 Kf7 35. Nc5 Nc7 36. Kc3 Kf6 37. Kb4 g5 38. Ka5 gxf4 39. gxf4 Nd5 40. Nxa6 Nxf4 41. Kxb5 Ne6 42. Nc5 f4 43. Nd3 f3 44. a4 Nd4+ 45. Kb6 Nb3 46. a5 Nxa5 47. Kxa5 Kg5 48. Kb5 Kxh6 49. Kc4 Kg5 50. Kd4 Kg4 51. Ke3 Kg3 52. Nf2 h5 53. Ne4+ Kg2 54. Nf2 h4 55. Ng4 h3 56. Nf2 h2 57. Nh1 Kxh1 58. Kf2 1/2-1/2


[Site "https://www.chess.com"]

[Event "Titled Tuesday Blitz March 22 Late 2022"]
[White "Yi, Richard"]
[Black "Tanenbaum, Zachary"]
[WhiteFideId "2079518"]
[BlackFideId "2060850"]
[WhiteElo "2147"]
[BlackElo "2168"]
[Result "0-1"]
[Round "03"]
[TimeControl "180+1"]
[Date "2022.03.22"]
[WhiteClock "0:00:01"]
[BlackClock "0:00:04"]

1. d4 d5 2. c4 dxc4 3. e3 e5 4. Nf3 exd4 5. Qxd4 Qxd4 6. Nxd4 a6 7. Bxc4 Nf6 8. Be2 Bd6 9. O-O O-O 10. Bf3 c5 11. Nb3 Nbd7 12. Na5 Bc7 13. Nc4 Rb8 14. a4 b5 15. axb5 axb5 16. Na5 Ne5 17. Nc6 Nxf3+ 18. gxf3 Rb6 19. Ne7+ Kh8 20. Ra8 Bb8 21. Nxc8 Rxc8 22. f4 g5 23. Kg2 gxf4 24. exf4 Nd5 25. Kf3 Rf6 26. Nc3 Nxf4 27. Nxb5 Nd5+ 28. Ke4 Nb4 29. f4 Rb6 30. Nc3 Kg7 31. Be3 Re6+ 32. Kf3 Rxe3+ 33. Kxe3 Bxf4+ 34. Rxf4 Rxa8 35. Rc4 Re8+ 36. Ne4 Nd5+ 37. Kf3 Rb8 38. Rxc5 Rb3+ 39. Kg4 Ne3+ 40. Kf4 Ng2+ 41. Kg4 Rxb2 42. Rg5+ Kf8 43. Nf6 Ne3+ 44. Kf4 Rf2+ 45. Ke5 Nc4+ 46. Kd4 Rf4+ 47. Kc3 Rxf6 48. Kxc4 Rf2 49. Rh5 Kg7 50. Kd4 Kg6 51. Rh3 f5 52. Ke3 Rf1 53. Ke2 Rf4 54. Ke3 Ra4 55. Kf2 Kg5 56. Rg3+ Kf6 57. Rh3 Kg6 58. Rg3+ Rg4 59. Rh3 h5 60. Ra3 Kg5 61. Rb3 Rf4+ 62. Kg2 h4 63. h3 Rd4 64. Rb2 Rd3 65. Rf2 Rg3+ 66. Kh2 f4 67. Re2 Re3 68. Rf2 f3 69. Rf1 Kf4 70. Rf2 Re2 71. Kg1 Kg3 72. Rf1 f2+ 73. Kh1 Re1 74. Rg1+ Rxg1# 0-1


[Site "https://www.chess.com"]

[Event "Titled Tuesday Blitz March 22 Late 2022"]
[White "Yoo, Christopher Woojin"]
[Black "Mikhailovsky, Vladimir"]
[WhiteFideId "30909694"]
[BlackFideId "34105414"]
[WhiteElo "2105"]
[BlackElo "2371"]
[Result "1-0"]
[Round "03"]
[TimeControl "180+1"]
[Date "2022.03.22"]
[WhiteClock "0:00:04"]
[BlackClock "0:00:05"]

1. d4 Nf6 2. Nf3 d5 3. Bf4 c5 4. e3 e6 5. Nbd2 Bd6 6. Bxd6 Qxd6 7. dxc5 Qxc5 8. c4 O-O 9. Rc1 Nc6 10. cxd5 Qxd5 11. Bc4 Qh5 12. O-O e5 13. Be2 Qf5 14. Nc4 e4 15. Nd4 Nxd4 16. Qxd4 Be6 17. Nd6 Qg6 18. Qe5 Rad8 19. Rfd1 Rd7 20. Rd4 h6 21. Nxe4 Nxe4 22. Rxe4 Rd2 23. Bh5 Qg5 24. Qxg5 hxg5 25. Rb4 g4 26. Bxg4 Bxg4 27. Rxg4 Rxb2 28. Ra4 a6 29. g4 Rd8 30. Rc7 f6 31. h4 Rd5 32. Re4 Rdd2 33. Rf4 b5 34. g5 fxg5 35. hxg5 Rd5 36. Rg4 Rxa2 37. g6 Rd8 38. Re4 Ra1+ 39. Kg2 Rad1 40. Ree7 R1d6 41. Rxg7+ Kh8 42. Rh7+ Kg8 43. Rcg7+ Kf8 44. f4 b4 45. f5 b3 46. Rf7+ Kg8 47. f6 Rxf6 48. Rxf6 Rb8 49. Rf1 a5 50. Rb1 a4 51. Ra7 Rb4 52. Kf3 b2 53. Ke2 Rb3 54. Kd2 Rb6 55. Rxa4 Rd6+ 56. Kc3 Rxg6 57. Rxb2 Rc6+ 58. Rc4 Rd6 59. Rg2+ Rg6 60. Rd2 Rd6 1-0


[Site "https://www.chess.com"]

[Event "Titled Tuesday Blitz March 22 Late 2022"]
[White "Yordanov, Nikolay Plamenov"]
[Black "Bachmann, Axel"]
[WhiteFideId "2907445"]
[BlackFideId "3700488"]
[WhiteElo "2248"]
[BlackElo "2587"]
[Result "1/2-1/2"]
[Round "03"]
[TimeControl "180+1"]
[Date "2022.03.22"]
[WhiteClock "0:00:41"]
[BlackClock "0:00:10"]

1. d4 Nf6 2. Bf4 b6 3. e3 g6 4. h3 Bg7 5. Nf3 O-O 6. Be2 Bb7 7. O-O d6 8. c4 Ne4 9. Nbd2 e5 10. Bh2 Nxd2 11. Qxd2 exd4 12. exd4 Nd7 13. Rfe1 Re8 14. Bf4 Qe7 15. Bg5 Qf8 16. Rad1 h6 17. Bf4 Nf6 18. Qc1 Nh5 19. Be3 Re7 20. d5 Rae8 21. Nd4 Ng3 22. Bf3 Bxd4 23. Bxd4 Nf5 24. Bc3 Rxe1+ 25. Rxe1 Rxe1+ 26. Qxe1 Qe7 27. Qd2 Kh7 28. Bg4 Bc8 29. Bxf5 Bxf5 30. Qd4 f6 31. Qxf6 Qxf6 32. Bxf6 Bb1 33. a3 Ba2 34. Bd8 Bxc4 35. Bxc7 Bxd5 36. Bxd6 a6 37. f3 Kg7 38. Kf2 Kf6 39. Ke3 Ke6 40. Bf8 h5 41. b4 Bc4 42. Bg7 Kf5 43. Bd4 b5 44. g4+ hxg4 45. fxg4+ Ke6 46. Kf4 Bd3 47. h4 Bc2 48. h5 gxh5 49. gxh5 Bb1 50. Kg5 Kf7 51. h6 Bc2 52. Kg4 Bb1 53. Kf4 Ke6 54. Bg7 Bc2 55. Ke3 Kd5 56. Kf4 Ke6 57. Ke3 Kd5 58. Kd2 Bb1 59. Ke3 Bh7 60. Kf4 Ke6 61. Kg5 Bb1 62. Bf8 Bc2 63. Bc5 Bb1 64. Kh5 Bc2 65. Kg4 Bb1 66. Kf3 Bc2 67. Ke3 Kd5 68. Kf4 Ke6 69. Kg5 Bb1 70. Be3 Bc2 71. Bf2 Bb1 72. Bg3 Bc2 73. Kf4 Bb1 74. Ke3 Kd5 75. Kd2 Bh7 76. Kc3 Bg6 77. Bh4 Bh7 78. Bg5 Bg6 79. Bd2 Bh7 80. Bc1 Bg6 81. Bd2 Bh7 82. Bc1 Bg6 83. Bd2 1/2-1/2


[Site "https://www.chess.com"]

[Event "Titled Tuesday Blitz March 22 Late 2022"]
[White "Yuan, Qingyu"]
[Black "Janaszak, Dawid"]
[WhiteFideId "8609772"]
[BlackFideId "1119206"]
[WhiteElo "2792"]
[BlackElo "2543"]
[Result "0-1"]
[Round "03"]
[TimeControl "180+1"]
[Date "2022.03.22"]
[WhiteClock "0:00:22"]
[BlackClock "0:00:50"]

1. e4 c5 2. Nf3 Nc6 3. d4 cxd4 4. Nxd4 g6 5. c4 e5 6. Nb5 d6 7. N1c3 a6 8. Na3 Be6 9. Be2 Bg7 10. O-O Nge7 11. Nc2 O-O 12. Be3 f5 13. Nd5 Bxd5 14. cxd5 Nb8 15. f3 Nd7 16. Bd3 f4 17. Bf2 g5 18. a4 a5 19. Na3 b6 20. Bb5 Nc5 21. Rb1 h5 22. b4 axb4 23. Rxb4 Ng6 24. Bc6 Rb8 25. Nc4 g4 26. Kh1 g3 27. Bg1 gxh2 28. Bf2 Bf6 29. Qe2 Rf7 30. Rfb1 Rg7 31. Rxb6 Rxb6 32. Rxb6 Nh4 33. Qb2 Kh7 34. Bxh4 Bxh4 35. Bb5 Nd3 36. Qe2 Nf2+ 37. Kxh2 Bg3+ 38. Kg1 Qh4 39. Qxf2 Bxf2+ 40. Kf1 Bxb6 41. Nxb6 Qh1+ 42. Ke2 Rxg2+ 43. Kd3 Qd1+ 44. Kc4 Qd4+ 45. Kb3 Rb2+ 46. Ka3 Qb4# 0-1


[Site "https://www.chess.com"]

[Event "Titled Tuesday Blitz March 22 Late 2022"]
[White "Zarubitski, Viachaslau"]
[Black "Msellek, Ilyass"]
[WhiteFideId "13509373"]
[BlackFideId "675938"]
[WhiteElo "2765"]
[BlackElo "2531"]
[Result "0-1"]
[Round "03"]
[TimeControl "180+1"]
[Date "2022.03.22"]
[WhiteClock "0:00:04"]
[BlackClock "0:00:05"]

1. e4 d6 2. d4 Nf6 3. Nc3 e5 4. dxe5 dxe5 5. Qxd8+ Kxd8 6. Bc4 Ke8 7. Nf3 Bd6 8. Bg5 c6 9. O-O-O Bc7 10. Nh4 Be6 11. Nf5 Kf8 12. Bxf6 gxf6 13. Bb3 Rg8 14. Rd3 Bxf5 15. exf5 Rxg2 16. Rg3 Rxg3 17. hxg3 Kg7 18. Rd1 Bb6 19. Ne4 Na6 20. Rd7 Rf8 21. Rxb7 Nc5 22. Nxc5 Bxc5 23. f3 Bf2 24. g4 Kh6 25. Kd1 Kg5 26. Ke2 Bb6 27. Bxf7 e4 28. Be6 e3 29. Rxh7 Rd8 30. Bd7 Kf4 31. c3 a5 32. b3 Bc5 33. Rf7 Rh8 34. Rxf6 Rh2+ 35. Kd3 Rd2+ 36. Kc4 e2 37. Re6 Be3 38. Re4+ Kxf3 39. Bxc6 Kf2 40. f6 e1=Q 41. f7 Qe2# 0-1


[Site "https://www.chess.com"]

[Event "Titled Tuesday Blitz March 22 Late 2022"]
[White "Zherebtsova, Alexandra"]
[Black "Cramling Bellon, Anna"]
[WhiteFideId "24129518"]
[BlackFideId "32009232"]
[WhiteElo "2025"]
[BlackElo "1905"]
[Result "1-0"]
[Round "03"]
[TimeControl "180+1"]
[Date "2022.03.22"]
[WhiteClock "0:00:22"]
[BlackClock "0:00:03"]

1. d4 Nf6 2. Nf3 d5 3. c4 e6 4. e3 c6 5. Nbd2 Nbd7 6. b3 Bb4 7. Bb2 Ne4 8. a3 Bc3 9. Bxc3 Nxc3 10. Qc2 Ne4 11. Nxe4 dxe4 12. Qxe4 O-O 13. Bd3 Nf6 14. Qh4 c5 15. O-O Qe7 16. Ng5 h6 17. Ne4 cxd4 18. exd4 Rd8 19. Rfd1 Kf8 20. Nxf6 Qxf6 21. Qxf6 gxf6 22. Be4 Rb8 23. Kf1 b5 24. c5 b4 25. a4 Ba6+ 26. Ke1 Ke7 27. Rac1 Rbc8 28. f3 f5 29. Bb1 Rd5 30. Rd2 Rcd8 31. Rcd1 Kf6 32. f4 Bb7 33. Kf2 Bc6 34. Ke3 R5d7 35. g3 h5 36. Rg1 Bd5 37. Bc2 a5 38. h4 Rg8 39. Bd1 Kg6 40. Be2 Kh6 41. Bb5 Rc7 42. Rd3 Be4 43. Rd2 Bd5 44. Rb2 f6 45. Kf2 Rcg7 46. Be2 Rc7 47. Bf3 Bxf3 48. Kxf3 Re8 49. Ke3 e5 50. fxe5 fxe5 51. Rc2 exd4+ 52. Kxd4 Re4+ 53. Kd5 Rd7+ 54. Kc6 Rd3 55. Kb6 Rxb3 56. c6 Rc3 57. Rxc3 bxc3 58. c7 Rc4 59. Kb7 Rb4+ 60. Kc8 c2 61. Rc1 Rc4 62. Kd7 Rd4+ 63. Kc6 Rc4+ 64. Kd6 Rd4+ 65. Kc5 Rd1 66. Rxc2 Rd3 67. c8=Q Rf3 68. Kb6 Rxg3 69. Rc6+ Rg6 70. Rxg6+ Kxg6 71. Qe6+ Kg7 72. Qxf5 Kh6 73. Qg5+ Kh7 74. Qxh5+ Kg7 75. Qg5+ Kh7 76. Qxa5 Kg6 77. Qg5+ Kh7 78. a5 Kh8 79. a6 Kh7 80. a7 Kh8 81. a8=Q+ Kh7 82. Qag8# 1-0


[Site "https://www.chess.com"]

[Event "Titled Tuesday Blitz March 22 Late 2022"]
[White "Zhou, Qiyu"]
[Black "Jeet, Jain"]
[WhiteFideId "505161"]
[BlackFideId "5073022"]
[WhiteElo "1925"]
[BlackElo "2085"]
[Result "0-1"]
[Round "03"]
[TimeControl "180+1"]
[Date "2022.03.22"]
[WhiteClock "0:00:01"]
[BlackClock "0:00:33"]

1. e4 c6 2. d4 d5 3. e5 Bf5 4. Nf3 e6 5. Be2 c5 6. Be3 Nc6 7. O-O Qb6 8. b3 cxd4 9. Nxd4 Nxd4 10. Bxd4 Bc5 11. Bb2 Rc8 12. c4 Ne7 13. Nc3 dxc4 14. Bxc4 O-O 15. Qe2 Qa5 16. Ne4 Bxe4 17. Qxe4 Qb6 18. Rad1 Rfd8 19. Qe2 Ng6 20. g3 h6 21. Bd3 Ne7 22. Be4 Nc6 23. Bb1 g6 24. Bc1 Kg7 25. Bb2 Bd4 26. Bxd4 Rxd4 27. Qf3 Nxe5 28. Qe3 Nc6 29. Rxd4 Qxd4 30. Qf3 Qf6 31. Qg2 Qb2 32. Qe4 b6 33. h4 Qe5 34. Qf3 Nd4 35. Qg2 h5 36. Kh2 Rc3 37. Be4 Qf6 38. Bb7 Qe5 39. Rd1 Nf5 40. Rf1 Nxh4 0-1


[Site "https://www.chess.com"]

[Event "Titled Tuesday Blitz March 22 Late 2022"]
[White "Abdrlauf, Elham"]
[Black "Krstulovic, Alex"]
[WhiteFideId "1533533"]
[BlackFideId "760056"]
[WhiteElo "2334"]
[BlackElo "2193"]
[Result "1-0"]
[Round "04"]
[TimeControl "180+1"]
[Date "2022.03.22"]
[WhiteClock "0:00:10"]
[BlackClock "0:00:15"]

1. Nf3 d5 2. e3 Nf6 3. c4 e6 4. Nc3 b6 5. Be2 Bb7 6. O-O a6 7. d4 Bd6 8. b3 O-O 9. Bb2 Nbd7 10. Rc1 Ne4 11. Nxe4 dxe4 12. Nd2 f5 13. f4 exf3 14. Bxf3 Bxf3 15. Qxf3 Rf6 16. e4 fxe4 17. Qxe4 Rh6 18. Nf3 Nf6 19. Qxe6+ Kh8 20. Ne5 Bxe5 21. dxe5 Ng8 22. Qd5 Qh4 23. Qxa8 Qxh2+ 24. Kf2 Rh4 25. Ke2 Rg4 26. Rf2 Qh5 27. Qf3 Qg6 28. Kf1 Rh4 29. g3 Rh3 30. Kg2 Qh6 31. Rd1 Rh2+ 32. Kg1 Rh3 33. Rd8 Qg5 34. Rxg8+ 1-0


[Site "https://www.chess.com"]

[Event "Titled Tuesday Blitz March 22 Late 2022"]
[White "Almagro Mazariegos, Sebastian"]
[Black "Issani, Nameer"]
[WhiteFideId "2221640"]
[BlackFideId "2619130"]
[WhiteElo "2273"]
[BlackElo "2541"]
[Result "1-0"]
[Round "04"]
[TimeControl "180+1"]
[Date "2022.03.22"]
[WhiteClock "0:00:42"]
[BlackClock "0:00:12"]

1. e4 e5 2. Nf3 Nc6 3. d4 exd4 4. Nxd4 Nf6 5. Nc3 Bb4 6. Nxc6 bxc6 7. Bd3 d5 8. exd5 cxd5 9. O-O O-O 10. Bg5 c6 11. Na4 h6 12. Bh4 Bd6 13. c4 Be6 14. Rc1 Rb8 15. b3 Re8 16. Re1 g5 17. Bg3 Bb4 18. Re2 Rc8 19. cxd5 Bxd5 20. Rxe8+ Qxe8 21. Nc3 Be6 22. Ne4 Nxe4 23. Bxe4 Rd8 24. Qf3 Qe7 25. h3 c5 26. Be5 Re8 27. Bf6 Qf8 28. Bc2 Bc8 29. Qd3 1-0


[Site "https://www.chess.com"]

[Event "Titled Tuesday Blitz March 22 Late 2022"]
[White "Altman, Joshua"]
[Black "Dolzhykova, Kateryna"]
[WhiteFideId "426210"]
[BlackFideId "14113414"]
[WhiteElo "1945"]
[BlackElo "2184"]
[Result "1-0"]
[Round "04"]
[TimeControl "180+1"]
[Date "2022.03.22"]
[WhiteClock "0:00:55"]
[BlackClock "0:00:10"]

1. d4 Nf6 2. c4 e6 3. Nf3 d5 4. Nc3 Bb4 5. cxd5 exd5 6. Bg5 c6 7. Qc2 O-O 8. e3 h6 9. Bh4 Nbd7 10. Bd3 Re8 11. O-O Bxc3 12. bxc3 Qc7 13. Bg3 Qd8 14. h3 Ne4 15. Bh2 Ndf6 16. Rae1 Bf5 17. Ne5 Bh7 18. f3 Nd6 19. Bxh7+ Nxh7 20. e4 Nf6 21. c4 dxe4 22. fxe4 Ndxe4 23. Rxe4 Nxe4 24. Qxe4 f6 25. Qg4 fxe5 26. Bxe5 Qe7 27. Rf6 Kh7 28. Rg6 Qxe5 29. dxe5 Re7 30. Re6 Rae8 31. Qg6+ Kg8 32. Qxe8+ Rxe8 33. Rxe8+ Kf7 34. Rb8 b6 35. Rb7+ Ke6 36. Rxa7 Kxe5 37. Rb7 Kd4 38. Rxb6 Kc5 39. Rb7 g5 40. a4 Kxc4 41. a5 Kd3 42. a6 c5 43. a7 c4 44. a8=Q c3 45. Qd8+ Kc2 46. Rc7 g4 47. hxg4 h5 48. gxh5 Kb2 49. Rxc3 Kxc3 50. h6 Kc4 51. h7 Kb3 52. Qc7 Kb4 53. h8=Q Kb5 54. Qhb8+ Ka6 55. Qca7# 1-0


[Site "https://www.chess.com"]

[Event "Titled Tuesday Blitz March 22 Late 2022"]
[White "Ansh M Shah"]
[Black "Van den Dikkenberg, Erik"]
[WhiteFideId "25033379"]
[BlackFideId "1005880"]
[WhiteElo "1819"]
[BlackElo "2118"]
[Result "1-0"]
[Round "04"]
[TimeControl "180+1"]
[Date "2022.03.22"]
[WhiteClock "0:02:22"]
[BlackClock "0:02:13"]

1. d4 Nf6 2. c4 g6 3. h4 h5 4. Nc3 d6 5. e4 Bg7 6. Be2 Bg4 7. f3 Bd7 8. Be3 c5 9. dxc5 dxc5 10. Bxc5 Na6 11. Be3 O-O 12. Nh3 Rc8 13. Ng5 Qc7 14. O-O e6 15. Rc1 Bc6 16. b3 Nh7 17. Nxh7 Kxh7 18. Qe1 Rcd8 19. Qf2 b6 20. Nb5 Bxb5 21. cxb5 Nc5 22. b4 Bb2 23. Rc2 1-0


[Site "https://www.chess.com"]

[Event "Titled Tuesday Blitz March 22 Late 2022"]
[White "Antonio, Jorge Carlos"]
[Black "Baches Garcia, Guillermo"]
[WhiteFideId "113190"]
[BlackFideId "2209764"]
[WhiteElo "2247"]
[BlackElo "2467"]
[Result "0-1"]
[Round "04"]
[TimeControl "180+1"]
[Date "2022.03.22"]
[WhiteClock "0:01:33"]
[BlackClock "0:00:16"]

1. d4 Nf6 2. Nf3 e6 3. Bf4 d5 4. e3 c5 5. c3 Nc6 6. Bd3 Nh5 7. Bg3 Qb6 8. b3 Be7 9. Nbd2 Bd7 10. O-O Nxg3 11. hxg3 O-O 12. Rc1 Rac8 13. Bb1 Qd8 14. Ne5 Nxe5 15. dxe5 f5 16. f4 d4 17. exd4 cxd4 18. cxd4 Rxc1 19. Qxc1 Bb5 20. Rd1 Qxd4+ 21. Kh2 Rd8 22. a3 Be2 23. Rg1 Qxd2 24. Qc7 Qd7 25. Qc2 Bd3 26. Qc3 Bxb1 27. Rxb1 Qc6 28. Qe3 Bc5 29. Qe2 Qe4 30. Qb5 Qxb1 31. Qxc5 Qd3 32. Qe7 Qd7 33. Qb4 h6 34. Kh3 Kh7 35. g4 fxg4+ 36. Kxg4 Qf7 37. g3 Qf5+ 38. Kf3 Rd3+ 39. Kf2 Rd5 40. Qxb7 Qc2+ 41. Kf3 Qd1+ 42. Kg2 Rd2+ 43. Kh3 Qh5# 0-1


[Site "https://www.chess.com"]

[Event "Titled Tuesday Blitz March 22 Late 2022"]
[White "Arabidze, Meri"]
[Black "Prohorov, Olexandr"]
[WhiteFideId "13604040"]
[BlackFideId "14105578"]
[WhiteElo "2335"]
[BlackElo "1993"]
[Result "1-0"]
[Round "04"]
[TimeControl "180+1"]
[Date "2022.03.22"]
[WhiteClock "0:00:08"]
[BlackClock "0:00:25"]

1. Nf3 Nf6 2. g3 g6 3. Bg2 Bg7 4. O-O O-O 5. d4 d6 6. a4 a5 7. Nc3 Nc6 8. e4 Bg4 9. Be3 e5 10. d5 Ne7 11. h3 Bxf3 12. Bxf3 Nd7 13. Nb5 f5 14. Bg5 Bf6 15. Bh6 Bg7 16. Bxg7 Kxg7 17. exf5 gxf5 18. Bg2 Nf6 19. Qd2 h6 20. Rfd1 Qd7 21. Qc3 Rfc8 22. Kh2 b6 23. b3 Ng6 24. Qd2 Rf8 25. c4 Rae8 26. b4 Ra8 27. c5 axb4 28. cxd6 cxd6 29. Qxb4 Ne8 30. Rdc1 f4 31. Rc6 Rf6 32. Rac1 Kg8 33. Rxb6 fxg3+ 34. fxg3 h5 35. h4 e4 36. Qxe4 Ne5 37. Rbc6 Ng4+ 38. Kg1 Ne5 39. Rc7 Nxc7 40. Rxc7 Qg4 41. Qh7+ Kf8 42. Qh8+ Qg8 43. Qxf6+ Ke8 44. Qe7# 1-0


[Site "https://www.chess.com"]

[Event "Titled Tuesday Blitz March 22 Late 2022"]
[White "Ardila, Oscar Humberto"]
[Black "Horcajuelo Rocamora, Martin"]
[WhiteFideId "4404742"]
[BlackFideId "24573027"]
[WhiteElo "1966"]
[BlackElo "1706"]
[Result "1/2-1/2"]
[Round "04"]
[TimeControl "180+1"]
[Date "2022.03.22"]
[WhiteClock "0:00:10"]
[BlackClock "0:00:15"]

1. d4 Nf6 2. c4 e6 3. Nc3 d5 4. Nf3 Be7 5. Bg5 O-O 6. e3 b6 7. cxd5 exd5 8. Bd3 Bb7 9. O-O Nbd7 10. Rc1 a6 11. Bb1 h6 12. Bh4 c5 13. Qc2 g6 14. Ne5 Nxe5 15. dxe5 Ne4 16. Bxe7 Qxe7 17. Nxe4 dxe4 18. Qb3 b5 19. Qc3 c4 20. Rcd1 Rfe8 21. a4 Qxe5 22. Qb4 Qe7 23. Qc3 Rad8 24. axb5 axb5 25. Bc2 Qg5 26. b3 Rd3 27. Qb4 cxb3 28. Bxb3 Red8 29. Rc1 Bd5 30. Bc2 Bc4 31. Bxd3 exd3 32. Qd2 h5 33. f4 Qf5 34. Rce1 Qe4 35. f5 g5 36. f6 h4 37. h3 Bd5 38. Rf2 Ra8 39. Qc3 Bc4 40. Qb4 Kh7 41. Qc5 Kg6 42. Rd2 Qf5 43. Qe7 Qxf6 44. Qc5 Qe6 45. Rf1 Rc8 46. Qd4 f6 47. Rdf2 Rc6 48. e4 d2 49. Rxd2 Bxf1 50. Kxf1 Rc1+ 51. Kf2 Rc4 52. Qd3 Rxe4 53. Re2 Qf5+ 54. Kg1 Rxe2 55. Qxe2 b4 56. Qe8+ Kg7 57. Qe7+ Kh6 58. Qf8+ Kh5 59. Qh8+ Kg6 60. Qg8+ Kh6 61. Qf8+ Kh7 62. Qf7+ Kh6 63. Qf8+ 1/2-1/2


[Site "https://www.chess.com"]

[Event "Titled Tuesday Blitz March 22 Late 2022"]
[White "Artemiev, Vladislav"]
[Black "Nazaretyan, Tigran"]
[WhiteFideId "24101605"]
[BlackFideId "24162345"]
[WhiteElo "2811"]
[BlackElo "2219"]
[Result "1-0"]
[Round "04"]
[TimeControl "180+1"]
[Date "2022.03.22"]
[WhiteClock "0:01:06"]
[BlackClock "0:01:24"]

1. d4 Nf6 2. Nf3 d6 3. Nc3 Nbd7 4. g3 e5 5. Bg2 c6 6. O-O e4 7. Nh4 d5 8. f3 exf3 9. Rxf3 Bb4 10. Re3+ Kf8 11. Rf3 h6 12. Qd3 c5 13. Nxd5 Nxd5 14. Rxf7+ Kxf7 15. Bxd5+ Ke7 16. Qe4+ Ne5 17. Qxe5+ Kd7 18. Qe6+ Kc7 19. Bf4+ 1-0


[Site "https://www.chess.com"]

[Event "Titled Tuesday Blitz March 22 Late 2022"]
[White "Avazkhonov, Alikhon"]
[Black "Seul, Georg"]
[WhiteFideId "14208504"]
[BlackFideId "4601653"]
[WhiteElo "1739"]
[BlackElo "2271"]
[Result "1-0"]
[Round "04"]
[TimeControl "180+1"]
[Date "2022.03.22"]
[WhiteClock "0:00:05"]
[BlackClock "0:00:02"]

1. c4 e5 2. g3 d6 3. Bg2 f5 4. Nc3 Nf6 5. d3 Be7 6. e3 O-O 7. Nge2 c6 8. O-O Na6 9. a3 Be6 10. b4 d5 11. b5 cxb5 12. cxb5 Nc7 13. d4 e4 14. a4 Qd7 15. Qb3 Bf7 16. Ba3 Bxa3 17. Rxa3 Ne6 18. Nf4 Nxf4 19. exf4 Rac8 20. Nd1 Rc4 21. Ne3 Rxd4 22. Qb2 Rd3 23. Rxd3 exd3 24. Rd1 Rc8 25. Rxd3 Qc7 26. Bxd5 Nxd5 27. Nxd5 Qc1+ 28. Qxc1 Rxc1+ 29. Kg2 Kf8 30. Ne3 Be6 31. Rd8+ Ke7 32. Ra8 Kd6 33. Rxa7 Rc7 34. a5 Bc8 35. a6 bxa6 36. Rxc7 Kxc7 37. bxa6 g6 38. Kh3 Bxa6 39. Kh4 h6 40. g4 fxg4 41. Nxg4 Kd6 42. Nxh6 Ke6 43. Kg5 Bd3 44. h4 Ke7 45. f5 gxf5 46. Nxf5+ Kf7 47. h5 Kg8 48. f4 Kh7 49. Ne7 Kg7 50. f5 Kf7 51. Ng6 Bc2 52. h6 Kg8 53. Ne5 1-0


[Site "https://www.chess.com"]

[Event "Titled Tuesday Blitz March 22 Late 2022"]
[White "Aydin, Gulenay"]
[Black "Martin Duque, Jesus"]
[WhiteFideId "34557431"]
[BlackFideId "2208954"]
[WhiteElo "1429"]
[BlackElo "2243"]
[Result "1-0"]
[Round "04"]
[TimeControl "180+1"]
[Date "2022.03.22"]
[WhiteClock "0:00:33"]
[BlackClock "0:00:02"]

1. e4 c5 2. Nf3 b6 3. d4 cxd4 4. Nxd4 Bb7 5. Nc3 a6 6. g3 e6 7. Bg2 Bb4 8. O-O Qc7 9. Bd2 Be7 10. Re1 d6 11. Qg4 g6 12. Nd5 exd5 13. exd5 Nd7 14. Qe2 Ne5 15. f4 Nc4 16. Bc3 Qc5 17. b4 Qc7 18. Nc6 Bxc6 19. dxc6 b5 20. Bxh8 f6 21. Qe6 Kf8 22. Bd5 Nh6 23. Qh3 Qb6+ 24. Kh1 Nf5 25. Qxh7 Qd4 26. Qg8# 1-0


[Site "https://www.chess.com"]

[Event "Titled Tuesday Blitz March 22 Late 2022"]
[White "Babazada, Khazar"]
[Black "Kokoszczynski, Jan"]
[WhiteFideId "13413554"]
[BlackFideId "1174460"]
[WhiteElo "2418"]
[BlackElo "2163"]
[Result "1-0"]
[Round "04"]
[TimeControl "180+1"]
[Date "2022.03.22"]
[WhiteClock "0:01:36"]
[BlackClock "0:00:47"]

1. Nf3 d5 2. g3 e6 3. Bg2 Nf6 4. b3 Be7 5. Bb2 O-O 6. d3 b6 7. O-O Bb7 8. Nbd2 Nbd7 9. Re1 c5 10. e4 dxe4 11. dxe4 Qc7 12. e5 Nd5 13. Ne4 Rfd8 14. Nd6 Bc6 15. c4 Nb4 16. a3 Na6 17. Nb5 Qb7 18. Qe2 Nf8 19. Nd6 Qc7 20. Rad1 Ng6 21. h4 Nxe5 22. Nxe5 Bxg2 23. Ndxf7 Rxd1 24. Rxd1 Bc6 25. Nh6+ Kf8 26. Qc2 Bf6 27. Qxh7 Bxe5 28. Qg8+ Ke7 29. Qf7# 1-0


[Site "https://www.chess.com"]

[Event "Titled Tuesday Blitz March 22 Late 2022"]
[White "Bachmann, Axel"]
[Black "Oro, Luis"]
[WhiteFideId "3700488"]
[BlackFideId "104094"]
[WhiteElo "2587"]
[BlackElo "2314"]
[Result "1-0"]
[Round "04"]
[TimeControl "180+1"]
[Date "2022.03.22"]
[WhiteClock "0:00:21"]
[BlackClock "0:00:43"]

1. d4 Nf6 2. g3 g6 3. Bg2 Bg7 4. e4 d6 5. Ne2 O-O 6. O-O e5 7. Nbc3 Nc6 8. dxe5 dxe5 9. Bg5 Be6 10. Nd5 Bxd5 11. exd5 Ne7 12. c4 h6 13. Bxf6 Bxf6 14. Nc3 Bg7 15. c5 Qd7 16. Rc1 f5 17. Qb3 Kh7 18. Rfd1 Ng8 19. c6 bxc6 20. dxc6 Qc8 21. Qa3 Rd8 22. Rd7 Nf6 23. Rxg7+ Kxg7 24. Qe7+ Kg8 25. Qxf6 Rd6 26. Bd5+ Kh7 27. Qe7+ Kh8 28. Qxe5+ Kh7 29. Re1 Qd8 30. Qe7+ Kh8 31. Qf7 Rf6 32. Re8+ Qxe8 33. Qxf6+ Kh7 34. Bf7 Qe1+ 35. Kg2 1-0


[Site "https://www.chess.com"]

[Event "Titled Tuesday Blitz March 22 Late 2022"]
[White "Barp, Alberto"]
[Black "Andreikin, Dmitry"]
[WhiteFideId "872555"]
[BlackFideId "4158814"]
[WhiteElo "2229"]
[BlackElo "2736"]
[Result "0-1"]
[Round "04"]
[TimeControl "180+1"]
[Date "2022.03.22"]
[WhiteClock "0:00:01"]
[BlackClock "0:01:47"]

1. d4 Nf6 2. c4 e6 3. Nf3 b6 4. g3 Bb7 5. Bg2 c5 6. d5 exd5 7. Nh4 g6 8. Nc3 Bg7 9. Bg5 O-O 10. O-O Na6 11. Nxd5 Bxd5 12. Bxd5 Rb8 13. Bg2 Nc7 14. Bf4 Re8 15. Qa4 Nh5 16. Bc1 Rxe2 17. Qxa7 Ne6 18. Nf3 Nd4 19. Bg5 Qe8 20. Nxd4 Bxd4 21. Bf3 Rxb2 22. Bxh5 gxh5 23. Rad1 Rc8 24. Qb7 Rc6 25. Bf4 h6 26. h3 Re6 27. Qf3 Ree2 28. Rxd4 cxd4 29. Qxh5 Qe6 30. Bxh6 Qg6 31. Qxg6+ fxg6 32. Bf4 d3 33. Rd1 Rxf2 34. Rxd3 Rfc2 35. Rd1 Rxa2 36. h4 Rxc4 0-1


[Site "https://www.chess.com"]